 Dungeon Crawl Stone Soup version 0.23.2-40-g277498a001 (webtiles) character file.

Game seed: 14218105878438868921

2149 Marnok the Carver (level 9, -5/75 HPs)
             Began as a Minotaur Fighter on Oct 2, 2019.
             Splashed by Maurice's acid (19 damage)
             ... on level 8 of the Dungeon.
             The game lasted 00:19:33 (6702 turns).

Marnok the Carver (Minotaur Fighter)                Turns: 6702, Time: 00:19:35

Health: -5/75      AC:  9    Str: 25    XL:     9   Next: 9%
Magic:  8/8        EV:  8    Int:  5    God:
Gold:   87         SH: 16    Dex:  9    Spells: 8/8 levels left

rFire    . . .     SeeInvis .   a - +1 long sword
rCold    . . .     Gourm    .   t - +0 large shield
rNeg     . . .     Faith    .   b - +0 scale mail
rPois    .         Spirit   .   (helmet restricted)
rElec    .         Reflect  .   (no cloak)
rCorr    .         Harm     .   (no gloves)
MR       .....                  j - +0 pair of boots
Stlth    ..........             (no amulet)
HPRegen  0.22/turn              (no ring)
MPRegen  0.11/turn              (no ring)

@: no status effects
A: retaliatory headbutt, horns 2
a: no special abilities


You were on level 8 of the Dungeon.
You were hungry.

You visited 1 branch of the dungeon, and saw 8 of its levels.
You also visited: Sewer.

You collected 469 gold pieces.
You spent 382 gold pieces at shops.

Inventory:

Hand Weapons
 a - a +1 long sword (weapon)
 d - a +1 short sword of draining
 r - a +2 hand axe of electrocution
 x - a +2 dagger of speed
Missiles
 e - 3 poisoned tomahawks
 q - 6 tomahawks (quivered)
Armour
 b - a +0 scale mail (worn)
 c - a +0 shield
 j - a +0 pair of boots (worn)
 t - a +0 large shield (worn)
Jewellery
 h - an uncursed ring of teleportation
Wands
 u - a wand of clouds (3)
 w - a wand of paralysis (3)
 y - a wand of flame (21)
 z - a wand of polymorph (16)
Scrolls
 k - 2 scrolls of fear
 l - 4 scrolls of identify
 m - 2 scrolls of remove curse
 s - 2 scrolls of enchant armour
 A - 3 scrolls of enchant weapon
 B - a scroll of blinking
Potions
 i - 4 potions of agility
 n - 3 potions of invisibility
 o - a potion of curing
 p - 2 potions of flight
Comestibles
 f - 12 rations


   Skills:
 + Level 6.2 Fighting
 + Level 8.8 Long Blades
 + Level 0.3 Throwing
 + Level 7.5 Armour
 + Level 3.0 Dodging
 + Level 1.2 Stealth
 + Level 7.7 Shields


You had 8 spell levels left.
You didn't know any spells.
Your spell library was empty.

Dungeon Overview and Level Annotations

Branches:
Dungeon (8/15)             Temple (0/1) D:5
   Lair: D:8-11

Altars:
Dithmenos
Elyvilon
Gozag
Okawaru
Ru
The Shining One

Shops:
D:8 ?

Annotations:
D:8 1 runed translucent door, Maurice


Innate Abilities, Weirdness & Mutations

You reflexively headbutt those who attack you in melee.
You have a pair of horns on your head.


Message History

You block the hound's attack.
You closely miss the hound.
The hound is heavily wounded.
You block the hound's attack.
You hear some strange, mumbled words.
You block the hound's attack.
You hit the hound but do no damage. Your headbutt misses the hound.
The hound is heavily wounded.
You block the hound's attack.
You hit the hound. You headbutt the hound.
The hound is almost dead.
The hound bites you. You block the hound's attack.
You slash the hound!
You kill the hound!
You hear a zap.
A bolt of acid appears from out of thin air!
The bolt of acid hits you!
* * * LOW HITPOINT WARNING * * *
You are splashed with acid!!
You die...

.#. .... #....
#..... #......
##.......
##########........
#(....@)..G..$....
##...###)..[......
######...{....?..
##..........
#..........
##.........
#......... .
##........ ... ...


You could see an eye of draining.

Vanquished Creatures
  An ice beast (D:7)
  A sky beast (D:6)
  7 ogres
  A necrophage (D:6)
  2 centaurs (D:8)
  A big kobold (Sewer)
  3 bullfrogs
  A howler monkey (D:4)
  A crimson imp (D:7)
  A bullfrog zombie (D:6)
  3 hounds
  A centaur skeleton (D:4)
  3 orc priests
  A gnoll shaman (D:7)
  An iguana (D:4)
  6 worker ants
  4 orc wizards
  A hound zombie (D:8)
  A hound skeleton (D:4)
  A worker ant zombie (D:6)
  3 adders
  7 gnolls (D:7)
  A river rat (Sewer)
  An ooze (D:6)
  2 worms
  A dart slug (D:1)
  2 leopard geckos
  21 orcs
  3 bats
  7 giant cockroaches
  6 goblins
  5 hobgoblins
  10 jackals
  2 quokkas (D:7)
  A ball python (D:5)
  7 frilled lizards
  10 kobolds
  A quokka zombie (D:8)
  11 rats
142 creatures vanquished.

Vanquished Creatures (others)
  An orc (D:8)
  2 fungi (D:8)
  2 plants (D:8)
5 creatures vanquished.

Grand Total: 147 creatures vanquished

Notes
Turn   | Place    | Note
-------+----------+-------------------------------------------
     0 | D:1      | Marnok the Minotaur Fighter began the quest for the Orb.
     0 | D:1      | Reached XP level 1. HP: 19/19 MP: 0/0
   117 | D:1      | Reached XP level 2. HP: 27/27 MP: 1/1
   485 | D:2      | Found a glowing golden altar of the Shining One.
   896 | D:2      | Found a shadowy altar of Dithmenos.
   903 | D:2      | Reached XP level 3. HP: 33/33 MP: 2/2
   937 | D:2      | Reached skill level 3 in Long Blades
   941 | D:2      | You fall through a shaft!
  1745 | D:3      | Found a sacrificial altar of Ru.
  1754 | D:3      | Found an opulent altar of Gozag.
  1915 | D:4      | Reached XP level 4. HP: 37/40 MP: 3/3
  1946 | D:4      | Reached skill level 4 in Long Blades
  2133 | D:3      | Reached XP level 5. HP: 38/46 MP: 4/4
  2587 | D:4      | Reached skill level 5 in Armour
  2689 | D:5      | Entered Level 5 of the Dungeon
  2715 | D:5      | Found a glowing drain.
  2720 | Sewer    | Entered a sewer
  2803 | Sewer    | Reached skill level 5 in Long Blades
  2803 | Sewer    | Reached XP level 6. HP: 43/53 MP: 5/5
  2826 | Sewer    | Found a white marble altar of Elyvilon.
  2904 | D:5      | Reached skill level 1 in Dodging
  3546 | D:4      | Reached skill level 6 in Long Blades
  3546 | D:4      | Reached skill level 5 in Shields
  3546 | D:4      | Reached XP level 7. HP: 39/60 MP: 6/6
  4042 | D:5      | Found a staircase to the Ecumenical Temple.
  4131 | D:5      | Found a white marble altar of Elyvilon.
  4139 | D:5      | Found an iron altar of Okawaru.
  5006 | D:6      | Reached skill level 5 in Fighting
  5203 | D:6      | Reached skill level 7 in Long Blades
  5373 | D:6      | Reached XP level 8. HP: 68/68 MP: 7/7
  5759 | D:7      | Reached skill level 8 in Long Blades
  5857 | D:8      | Found Yfuaqa's Magic Scroll Boutique.
  5911 | D:7      | Reached skill level 1 in Stealth
  6598 | D:8      | Bought a scroll of enchant weapon for 97 gold pieces
  6598 | D:8      | Bought a scroll of identify for 26 gold pieces
  6598 | D:8      | Bought a scroll of enchant weapon for 97 gold pieces
  6598 | D:8      | Bought a scroll of teleportation for 39 gold pieces
  6598 | D:8      | Bought a scroll of enchant armour for 97 gold pieces
  6598 | D:8      | Bought a scroll of identify for 26 gold pieces
  6625 | D:8      | Found a runed translucent gate.
  6638 | D:8      | Noticed Maurice
  6688 | D:8      | Reached XP level 9. HP: 36/75 MP: 8/8
  6702 | D:8      | Splashed by Maurice's acid

Skill      XL: |  1  2  3  4  5  6  7  8 |
---------------+-------------------------+-----
Armour         | 4 5 6 7 |  7.5
Fighting       | 4 5 6 |  6.2
Long Blades    | 3 4 5 6 7 8 |  8.8
Shields        | 4 5 7 |  7.7
Dodging        | 1 2 3 |  3.0
Stealth        | 1 |  1.2
Throwing       | |  0.3

Action                   |  1- 3 |  4- 6 |  7- 9 || total
-------------------------+-------+-------+-------++-------
Melee: Long sword        |    97 |    89 |   233 ||   419
       Headbutt          |    11 |    18 |    33 ||    62
Throw: Tomahawk          |       |       |     2 ||     2
  Use: Scroll            |     9 |     1 |     3 ||    13
       Potion            |     2 |     7 |     3 ||    12
  Eat: Chunk             |     3 |     6 |     9 ||    18
Armor: Scale mail        |    43 |    25 |    71 ||   139
       Skin              |       |     3 |       ||     3
Dodge: Dodged            |    30 |    24 |    50 ||   104
Block: Shield            |    55 |    37 |     4 ||    96
       Large shield      |       |       |   200 ||   200
       Rpst.: Long sword |     7 |     8 |    15 ||    30
